 Dungeon Crawl Stone Soup version 0.23.2 (webtiles) character file.

Game seed: 2341838481242170246

333 myga the Cudgeler (level 6, -1/61 HPs)
             Began as a Troll Monk on Apr 3, 2019.
             Killed from afar by Blork the orc (6 damage)
             ... with a puff of flame
             ... on level 4 of the Dungeon.
             The game lasted 00:18:03 (3074 turns).

myga the Cudgeler (Troll Monk)                      Turns: 3074, Time: 00:18:04

Health: -1/61      AC:  6    Str: 20    XL:     6   Next: 27%
Magic:  5/5        EV: 11    Int:  6    God:
Gold:   213        SH:  0    Dex: 14    Spells: 5/5 levels left

rFire    . . .     SeeInvis .   q - +0 war axe
rCold    . . .     Gourm    +   (no shield)
rNeg     . . .     Faith    .   f - +0 robe
rPois    .         Spirit   .   (helmet restricted)
rElec    .         Reflect  .   (no cloak)
rCorr    .         Harm     .   (gloves unavailable)
MR       .....                  (boots unavailable)
Stlth    ++........             (no amulet)
HPRegen  0.60/turn              (no ring)
MPRegen  0.09/turn              (no ring)

@: hasted, very quick
A: large, unfitting armour, claws 3, fast metabolism 3, gourmand, regeneration
1, shaggy fur 1, tough skin 3
a: no special abilities


You were on level 4 of the Dungeon.
You were full.

You visited 1 branch of the dungeon, and saw 4 of its levels.

You collected 213 gold pieces.

Inventory:

Hand Weapons
 e - a +0 flail
 q - a +0 war axe (weapon)
Missiles
 j - 91 stones (quivered)
Armour
 f - a +0 robe (worn)
Wands
 a - a wand of paralysis (4)
 g - a wand of random effects (6)
 n - a wand of flame (13)
Scrolls
 b - a scroll of magic mapping {unknown}
 i - 2 scrolls of remove curse
 m - a scroll of amnesia
 r - a scroll of enchant weapon {unknown}
 t - a scroll of fear {unknown}
Potions
 d - a potion of flight
 h - a potion of brilliance
 k - a potion of might {unknown}
 o - a potion of invisibility {unknown}
 p - a potion of lignification {unknown}
 s - a potion of curing {unknown}
 v - a potion of cancellation {unknown}
Comestibles
 c - 6 rations


   Skills:
 + Level 3.0 Fighting
 + Level 2.2(3.1) Axes
 + Level 3.7(4.1) Maces & Flails
 + Level 1.7 Throwing
 + Level 3.5 Dodging
 + Level 1.3 Stealth
 + Level 0.2 Evocations


You had 5 spell levels left.
You didn't know any spells.
Your spell library was empty.

Dungeon Overview and Level Annotations

Branches:
Dungeon (4/15)
 Temple: D:4-7

Altars:
Cheibriados
Fedhas
Ru
Xom
Yredelemnul
Zin

Annotations:
D:4 Blork the orc, Eustachio


Innate Abilities, Weirdness & Mutations

You are too large for most types of armour.
You have claws for hands.
Your metabolism is lightning-fast.
You like to eat raw meat.
Your natural rate of healing is unusually fast.
You are covered in fur. (AC +1)
You have extremely tough skin. (AC +3)


Message History

You hear some strange, mumbled words.
The rat barely misses you.
You barely miss the rat. The rat closely misses you.
You hit the rat.
You kill the rat!
The rat's corpse disappears in a puff of smoke!
Eustachio casts a spell.
Something hits you!
You closely miss something. Something hits you.
Eustachio casts a spell.
You closely miss something. Something hits you!
Eustachio yells, "Perjured traitor, DIE!"
Something hits you!
* * * LOW HITPOINT WARNING * * *
You feel yourself speed up. Something hits you!
* * * LOW HITPOINT WARNING * * *
You hear some strange, mumbled words.
A puff of flame appears from out of thin air!
The puff of flame hits you.
You die...

#>........+.........
#######.###.........
#####.# #.........
#.....# #.........
#######..>..# #.........
......#.....# ...).....
......#.....# #.......#
............####5......#
.............@.{@r.....#
............####Z5.#####
###.........# #...#
#.........####...#
#............#...#
#.....##.....#####
#.....##.....#
########.....# #######


You could see Eustachio, an iron imp, a river rat, a shadow imp and an adder
zombie.

Vanquished Creatures
  3 orc priests (D:3)
  A worker ant (D:4)
  10 adders
  2 shadow imps (D:3)
  2 oozes (D:2)
  2 worms
  3 dart slugs
  3 leopard geckos
  9 orcs (D:3)
  A ball python (D:2)
  4 bats
  7 giant cockroaches
  5 goblins
  7 hobgoblins
  5 jackals (D:1)
  12 kobolds
  A quokka (D:3)
  11 frilled lizards
  7 rats
95 creatures vanquished.

Notes
Turn   | Place    | Note
-------+----------+-------------------------------------------
     0 | D:1      | myga the Troll Monk began the quest for the Orb.
     0 | D:1      | Reached XP level 1. HP: 22/22 MP: 0/0
    91 | D:1      | Reached XP level 2. HP: 29/29 MP: 1/1
   292 | D:1      | Reached XP level 3. HP: 36/36 MP: 2/2
   983 | D:2      | Reached XP level 4. HP: 41/44 MP: 3/3
  1308 | D:2      | Found a sacrificial altar of Ru.
  1409 | D:2      | Found a shimmering altar of Xom.
  1794 | D:3      | Reached XP level 5. HP: 47/52 MP: 4/4
  1832 | D:3      | Reached skill level 1 in Axes
  1867 | D:3      | Reached skill level 1 in Throwing
  2115 | D:3      | Found a transporter.
  2147 | D:3      | Found a snail-covered altar of Cheibriados.
  2181 | D:3      | Found a transporter.
  2208 | D:3      | Found a basalt altar of Yredelemnul.
  2288 | D:3      | Found a glowing silver altar of Zin.
  2858 | D:3      | Reached XP level 6. HP: 56/59 MP: 5/5
  2936 | D:4      | Found a blossoming altar of Fedhas.
  3051 | D:4      | Noticed Blork the orc
  3052 | D:4      | Noticed Eustachio
  3074 | D:4      | Killed from afar by Blork the orc

Skill      XL: |  1  2  3  4  5  6 |
---------------+-------------------+-----
Dodging        | 3 |  3.5
Maces & Flails | 3 |  3.7
Axes           | 1 2 |  2.2
Throwing       | 1 |  1.7
Fighting       | 3 |  3.0
Stealth        | |  1.3
Evocations     | |  0.2

Action                   |  1- 3 |  4- 6 || total
-------------------------+-------+-------++-------
Melee: Mace              |   124 |    28 ||   152
       War axe           |       |   138 ||   138
Throw: Stone             |    19 |    54 ||    73
       Tomahawk          |       |    21 ||    21
Evoke: Wand              |       |    17 ||    17
  Use: Scroll            |     2 |     3 ||     5
       Potion            |       |     2 ||     2
 Stab: Distracted        |       |     1 ||     1
       Sleeping          |       |     1 ||     1
       Confused          |       |     1 ||     1
  Eat: Chunk             |    15 |    17 ||    32
Armor: Robe              |    54 |    69 ||   123
Dodge: Dodged            |    66 |   111 ||   177
